 Dungeon Crawl Stone Soup version 0.22.1-1-ga44c0e5 (webtiles) character file.

457 MagicFarmer the Destroyer (level 6, -4/32 HPs)
             Began as a Deep Elf Conjurer on Oct 30, 2018.
             Was an Initiate of Vehumet.
             Slain by an ogre
             ... wielding a +0 giant club
              (15 damage)
             ... on level 2 of the Dungeon on Oct 31, 2018.
             The game lasted 01:10:58 (4082 turns).

MagicFarmer the Destroyer (Deep Elf Conjurer)       Turns: 4082, Time: 01:10:58

Health: -4/32      AC:  3    Str:  7    XL:     6   Next: 77%
Magic:  12/12      EV: 13    Int: 20    God:    Vehumet [......]
Gold:   115        SH:  0    Dex: 15    Spells: 5/11 levels left

rFire    . . .     SeeInvis .   e - +0 dagger
rCold    . . .     Gourm    .   (no shield)
rNeg     . . .     Faith    .   a - +1 robe
rPois    +         Spirit   .   (no helmet)
rElec    .         Reflect  .   j - scarf {cloud immunity}
rCorr    .         Harm     .   (no gloves)
MR       .....                  (no boots)
Stlth    ++........             (no amulet)
HPRegen  0.10/turn              l - ring of poison resistance
MPRegen  0.13/turn              (no ring)

@: no status effects
A: no striking features
a: Renounce Religion


You were on level 2 of the Dungeon.
You worshipped Vehumet.
Vehumet was noncommittal.
You were not hungry.

You visited 1 branch of the dungeon, and saw 3 of its levels.

You collected 115 gold pieces.

Inventory:

Hand Weapons
 b - a +0 dagger
 d - a +0 dagger
 e - a +0 dagger (weapon)
 f - a +0 dagger
 g - a +0 dagger
 p - a +0 dagger
Missiles
 h - 42 stones (quivered)
Armour
 a - a +1 robe (worn)
 j - a scarf of cloud immunity (worn)
 k - a +0 leather armour
Jewellery
 l - a ring of poison resistance (left hand)
Wands
 s - a wand of flame (16)
 t - a wand of polymorph (9)
Scrolls
 i - a scroll of teleportation
 m - a scroll of fear
 n - a scroll of amnesia
 o - a scroll of identify
 q - a scroll of remove curse
Comestibles
 c - a ration
 r - 3 chunks of flesh


   Skills:
 - Level 0.3 Fighting
 - Level 0.4 Short Blades
 - Level 2.4 Dodging
 - Level 2.5 Stealth
 + Level 3.0 Spellcasting
 * Level 8.8 Conjurations


You had 5 spell levels left.
You knew the following spells:

 Your Spells              Type           Power        Failure   Level  Hunger
a - Magic Dart            Conj           ####         1%          1    None
b - Searing Ray           Conj           #####.       1%          2    ##.....
c - Dazzling Spray        Conj/Hex       ###...       7%          3    ###....

Your spell library contained the following spells:

 Spells                   Type           Power        Failure   Level  Hunger
 Iskenderun's Mystic Bla  Conj           #####...     3%          4    ####...
 Force Lance              Conj/Tloc      ###.....     22%         4    ####...
 Fulminant Prism          Conj/Hex       ###.......   22%         4    ####...


Dungeon Overview and Level Annotations

Branches:
Dungeon (3/15)

Altars:
Makhleb
Uskayaw
Vehumet
Wu Jian


Message History

(Press . to maintain the ray.)
You finish channeling your searing ray.
The ogre completely misses you.
Some of the chunks of flesh in your inventory have rotted away.
You see here a club.
There is a stone staircase leading up, spattered with blood here.
Things that are here:
a scale mail; a hand axe
Okay, then.
The ogre hits you with a giant club.
Some of the chunks of flesh in your inventory have rotted away.
You climb upwards.
There is a stone staircase leading down here.
The ogre hits you but does no damage. The ogre hits you with a giant club!!
Ouch! That really hurt!
* * * LOW HITPOINT WARNING * * *
The ogre barely misses you.
There is a radiant altar of Vehumet here.
The ogre hits you with a giant club!
You die...

####.####.##.#.<...#..#.....
#.....# #.##.#######..#..###
#.....# #.##..........#..###
#.....# #.######.####.#.....
#.....###.....##.## #.#....#
####..........##..###.#....#
########.........#.#....#
#..#...#....#..#.#
#@###.###......#..
####.O#...#.[###.##..
#......._......#.##..
#.....#...#..#....#..
###....###.###.#.......
#.......#...#..#....### ####
#..............#.###### ...#
#...##....#.##.#....... ...#
#...#####.#.##.########


You could see an ogre.

Vanquished Creatures
  Grinder (D:2)
  A jelly (D:3)
  Terence (D:3)
  Natasha (thrice) (D:3)
  An iguana (D:2)
  3 adders
  2 oozes (D:3)
  A worm (D:3)
  2 dart slugs (D:2)
  2 leopard geckos
  A ball python (D:3)
  3 giant cockroaches
  12 hobgoblins
  3 jackals (D:3)
  9 kobolds
  A quokka (D:3)
  8 bats
  5 frilled lizards
  9 goblins
  6 rats
74 creatures vanquished.

Notes
Turn   | Place    | Note
-------+----------+-------------------------------------------
     0 | D:1      | MagicFarmer the Deep Elf Conjurer began the quest for the
                  | Orb.
     0 | D:1      | Reached XP level 1. HP: 10/10 MP: 6/6
   219 | D:1      | Reached XP level 2. HP: 15/15 MP: 5/8
   271 | D:1      | Learned a level 2 spell: Searing Ray
   312 | D:1      | Reached skill level 5 in Conjurations
   692 | D:1      | Reached XP level 3. HP: 19/19 MP: 2/9
  1320 | D:2      | Found a radiant altar of Vehumet.
  1345 | D:2      | Became a worshipper of Vehumet
  1546 | D:2      | Found an ornate altar of the Wu Jian Council.
  1549 | D:2      | Found a hide-covered altar of Uskayaw.
  1604 | D:2      | Reached skill level 6 in Conjurations
  1985 | D:2      | Reached XP level 4. HP: 20/24 MP: 2/10
  2261 | D:3      | Noticed Natasha
  2452 | D:3      | Noticed Grinder
  2557 | D:2      | Paralysed by Grinder for 3 turns
  2563 | D:2      | Killed Grinder
  2563 | D:2      | Reached skill level 8 in Conjurations
  2563 | D:2      | Reached XP level 5. HP: 8/28 MP: 5/11
  2563 | D:2      | Reached XP level 6. HP: 10/32 MP: 5/12
  2808 | D:2      | Learned a level 3 spell: Dazzling Spray
  3223 | D:3      | Killed Natasha
  3254 | D:3      | Noticed Terence
  3263 | D:3      | Killed Terence
  3606 | D:3      | Noticed Natasha
  3644 | D:3      | Killed Natasha
  3847 | D:3      | Found a burning altar of Makhleb.
  3930 | D:3      | Noticed Natasha
  3933 | D:3      | Killed Natasha
  4082 | D:2      | Slain by an ogre

Skill      XL: |  1  2  3  4 |
---------------+-------------+-----
Conjurations   | 5 6 8 |  8.8
Fighting       | |  0.3
Short Blades   | |  0.4
Dodging        | |  2.4
Stealth        | |  2.5
Spellcasting   | |  3.0

Action                   |  1- 3 |  4- 6 || total
-------------------------+-------+-------++-------
Melee: Dagger            |     3 |     3 ||     6
 Cast: Magic Dart        |    83 |    46 ||   129
       Searing Ray       |     1 |    16 ||    17
Evoke: Wand              |       |     3 ||     3
  Use: Scroll            |     7 |     1 ||     8
       Potion            |     5 |     2 ||     7
  Eat: Chunk             |     3 |     2 ||     5
       Ration            |       |     2 ||     2
Armor: Robe              |     3 |     8 ||    11
Dodge: Dodged            |     9 |    16 ||    25
